 Dungeon Crawl Stone Soup version 0.25-a0-317-g5f8687bca5 (webtiles) character file.

Game seed: 13233461882086858657, levelgen mode: deterministic

20461 Gremour the Fighter (level 12, -13/175 HPs)
             Began as a Demonspawn Monk on Dec 26, 2019.
             Was a High Priest of Yredelemnul.
             Killed by divine providence
             ... invoked by Saint Roka
              (14 damage)
             ... on level 2 of the Orcish Mines.
             The game lasted 01:14:02 (13755 turns).

Gremour the Fighter (Demonspawn Monk)              Turns: 13755, Time: 01:14:03

Health: -13/175    AC: 16    Str: 28    XL:     12   Next: 45%
Magic:  12/15      EV: 15    Int: 12    God:    Yredelemnul [*****.]
Gold:   885        SH: 10    Dex: 25    Spells: 11/11 levels left

rFire    + + +     SeeInvis .   b - +5 falchion of Disaster {venom, rF++ rC- Int+2 Dex+4}
rCold    . . .     Gourm    .   G - +0 shield (curse)
rNeg     + . .     Faith    .   S - +4 scale mail "Kuuk Sen" {rN+}
rPois    .         Spirit   .   z - +0 helmet
rElec    .         Reflect  .   q - scarf {rC+ rF+}
rCorr    .         Harm     .   f - +1 pair of gloves
MR       .....                  w - +0 pair of boots
Stlth    ..........             (no amulet)
HPRegen  0.39/turn              p - +5 ring of strength
MPRegen  0.14/turn              L - ring "Zosas" {*Corrode Str+7 Int-2 Dex+2}

@: berserking (expiring), corroded, very quick
A: claws 2, molten scales 2, demonic guardian 2, fire resistance 1, ignite
blood, robust 1, weak 1, flame cloud immunity
a: Recall Undead Slaves, Injury Mirror, Animate Dead, Drain Life, Enslave Soul,
Renounce Religion


You were on level 2 of the Orcish Mines.
You worshipped Yredelemnul.
Yredelemnul was extremely pleased with you.
You were not hungry.

You visited 3 branches of the dungeon, and saw 14 of its levels.
You also visited: Sewer.

You collected 1383 gold pieces.
You spent 498 gold pieces at shops.

Inventory:

Hand Weapons
 a - a +5 dire flail of draining
 b - the +5 falchion of Disaster (weapon) {venom, rF++ rC- Int+2 Dex+4}
   (You bought it in a shop on level 2 of the Orcish Mines)

   It poisons the flesh of those it strikes.
   It affects your intelligence (+2).
   It affects your dexterity (+4).
   It greatly protects you from fire.
   It makes you vulnerable to cold.
 r - a +0 scimitar
Missiles
 h - 104 bolts
 I - 4 silver javelins (quivered)
Armour
 f - a +1 pair of gloves (worn)
 q - a scarf of resistance (worn)
 w - a +0 pair of boots (worn)
 z - a +0 helmet (worn)
 G - a cursed +0 shield (worn)
 P - the +0 robe "Nieti" {*Drain rCorr MP+9 Str+5}
   (You found it on level 8 of the Dungeon)

   It affects your strength (+5).
   It affects your magic capacity (+9).
   It provides partial protection from all sources of acid and corrosion.
   It causes draining when unequipped.
 S - the +4 scale mail "Kuuk Sen" (worn) {rN+}
   (You bought it in a shop on level 2 of the Orcish Mines)

   It protects you from negative energy.
Jewellery
 l - an uncursed ring of see invisible
 p - a +5 ring of strength (left hand)
 C - a +3 ring of evasion
 L - the ring "Zosas" (right hand) {*Corrode Str+7 Int-2 Dex+2}
   (You found it on level 8 of the Dungeon)

   [ring of intelligence]

   It affects your strength (+7).
   It affects your intelligence (-2).
   It affects your dexterity (+2).
   It may corrode you when you take damage.
 O - a +4 ring of strength
 R - an uncursed ring of positive energy
Wands
 m - a wand of enslavement (3)
 n - a wand of polymorph (9)
 v - a wand of paralysis (6)
 J - a wand of iceblast (12)
 N - a wand of random effects (21)
 Q - a wand of flame (27)
Scrolls
 d - 7 scrolls of teleportation
 e - 5 scrolls of magic mapping
 i - a scroll of enchant weapon
 j - 7 scrolls of identify
 o - 7 scrolls of remove curse
 s - 2 scrolls of fog
 t - 2 scrolls of blinking
 x - a scroll of immolation {unknown}
 y - 6 scrolls of fear
 B - a scroll of amnesia
Potions
 g - 4 potions of flight
 u - 4 potions of curing
 A - a potion of magic
 D - a potion of agility
 F - a potion of haste
 H - a potion of lignification
 M - 2 potions of cancellation
 T - a potion of brilliance
Miscellaneous
 k - a sack of spiders
Comestibles
 c - 24 rations


   Skills:
 + Level 14.0 Fighting
 * Level 2.9 Long Blades
 - Level 8.6 Maces & Flails
 * Level 7.6 Armour
 * Level 7.6 Dodging
 - Level 1.7 Stealth
 * Level 0.6 Shields
 + Level 5.2 Invocations


You had 11 spell levels left.
You didn't know any spells.
Your spell library contained the following spells:

 Spells                   Type           Power        Failure   Level  Hunger
 Cause Fear               Hex            #.........   100%        4    #####..
 Ice Form                 Ice/Tmut       #.......     100%        4    #####..
 Metabolic Englaciation   Hex/Ice        #.........   100%        5    ######.
 Silence                  Hex/Air        #.........   100%        5    ######.
 Yara's Violent Unravell  Hex/Tmut       #.........   100%        5    ######.
 Deflect Missiles         Chrm/Air       #.........   100%        6    #######
 Freezing Cloud           Conj/Ice/Air   #.........   100%        6    #######
 Ozocubu's Refrigeration  Ice            #.........   100%        6    #######
 Simulacrum               Ice/Necr       #.........   100%        6    #######
 Discord                  Hex            #.........   100%        8    #######


Dungeon Overview and Level Annotations

Branches:
Dungeon (11/15)            Temple (1/1) D:7            Lair (0/6) D:10
    Orc (2/2) D:10            Elf (0/3) Orc:2         Sewer (visited)

Altars:
Ashenzari
Cheibriados
Dithmenos
Elyvilon
Fedhas
Gozag
Hepliaklqana
Kikubaaqudgha
Makhleb
Nemelex Xobeh
Okawaru
Qazlal
Ru
Sif Muna
Trog
Uskayaw
Vehumet
Wu Jian
Xom
Yredelemnul
Zin
The Shining One
Beogh

Shops:
D:9 [   D:10 *   Orc:2 ::([(

Annotations:
Orc:2 Saint Roka


Innate Abilities, Weirdness & Mutations

You have very sharp fingernails.
You are mostly covered in molten scales. (AC +3)
A demonic guardian rushes to your aid.
Your flesh is heat resistant. (rF+)
Your demonic aura causes spilled blood to erupt in flames.
You are immune to clouds of flame.
You are robust. (+10% HP)
You are weak. (Str -2)


Message History

Your soul eater hits Saint Roka but does no damage.
You feel a strong urge to attack something.
The orc warrior no longer looks unusually strong.
The orc hits your soul eater with a +0 flail.
Your troll zombie bites Saint Roka but does no damage.
Your troll zombie claws Saint Roka but does no damage.
Your troll zombie barely misses Saint Roka.
Saint Roka is engulfed in blazing flames.
Saint Roka calls down the wrath of Beogh upon you.
Beogh smites you!
* * * LOW HITPOINT WARNING * * *
You are too berserk!
Your soul eater completely misses Saint Roka.
You slash the orc warrior!
The orc warrior is poisoned.
The orc warrior is moderately wounded.
Saint Roka is engulfed in blazing flames.
Saint Roka mumbles some strange prayers to Beogh against you.
Beogh smites you!
You die...
Your body rises from the dead as a mindless zombie.

.###.#.....#..#....#
))...#.....#..#....# .
.###.###)###..#...[# ...
.# #.).).....)##'###oT...
.# #..⌠..)⌠.))))))..o.oo.
.###..........##)###.o.o.
..............#oo3.#


oh. ####.###.###..#.☼Z.# . #.# #.# #..#o@.∩# #.# #.# #..###### ... ... .... ...
... ..... ############### You could see Saint Roka, an orc warrior, an orc, a
friendly soul eater and a friendly troll zombie.

Vanquished Creatures
  The ghost of Gremour the Warrior, a journeyman GrMo of the Shining One (Orc:1)
  Urug (D:10)
  8 orc sorcerers
  5 trolls
  2 hornets (D:11)
  2 hippogriffs (D:9)
  2 flying skulls (Orc:2)
  A vampire (D:10)
  2 yaks (D:11)
  A human (D:8)
  3 steam dragons (D:9)
  3 hungry ghosts
  Menkaure (D:5)
  An acid dragon (D:11)
  2 water moccasins
  7 wargs (Orc:2)
  5 porcupines (D:10)
  12 orc warriors
  A swamp drake (D:10)
  3 phantoms
  5 black bears
  5 ice beasts
  A sky beast (D:5)
  6 ogres
  6 centaurs
  A crocodile (D:10)
  Blork the orc (D:5)
  A big kobold (Sewer)
  5 bullfrogs
  2 warg zombies (Orc:2)
  3 scorpions
  A troll zombie (Orc:2)
  A warg skeleton (Orc:2)
  13 killer bees
  12 wights
  4 howler monkeys
  5 crimson imps
  2 centaur zombies
  2 jellies
  8 orc priests
  2 hounds
  A gnoll shaman (D:9)
  3 bullfrog skeletons
  A centaur skeleton (D:6)
  28 orc wizards
  Natasha (thrice) (D:2)
  Jessica (D:2)
  4 iguanas
  Terence (D:2)
  11 worker ants
  2 ogre zombies (Orc:2)
  A hound zombie (D:8)
  2 hound skeletons
  Robin (D:4)
  6 adders
  7 gnolls
  2 worker ant zombies (D:6)
  2 river rats (Sewer)
  4 shadow imps
  An ooze (D:1)
  4 adder skeletons
  A worm (D:3)
  3 dart slugs
  8 leopard geckos
  59 orcs
  9 giant cockroaches
  14 goblins
  5 hobgoblins
  12 jackals
  10 kobolds
  3 quokkas
  2 ball pythons
  6 bats
  An orc skeleton (Orc:2)
  23 orc zombies
  8 rats
  3 plants (D:10)
401 creatures vanquished.

Vanquished Creatures (collateral kills)
  Gastronok (Orc:1)
  Harold (D:7)
  Sonja (Orc:2)
  An orc knight (Orc:1)
  Pikel (D:8)
  An orc sorcerer (Orc:2)
  Joseph (D:10)
  2 trolls
  A hippogriff (D:6)
  2 yaks (D:11)
  4 hogs (D:8)
  Edmund (D:6)
  2 wargs (Orc:2)
  Duvessa (D:6)
  4 orc warriors
  An ogre (Orc:1)
  A centaur (D:11)
  A bullfrog (D:9)
  Dowan (D:6)
  A scorpion (D:10)
  5 killer bees (D:9)
  3 wights
  A howler monkey (D:8)
  2 hounds (D:6)
  8 orc wizards
  4 orc priests
  A worker ant (D:6)
  A worker ant zombie (D:10)
  An orc zombie (D:10)
  20 orcs
  A giant cockroach (D:5)
  A quokka zombie (D:6)
77 creatures vanquished.

Vanquished Creatures (others)
  2 flying skulls (Orc:2)
  A porcupine (D:10)
  A hornet zombie (D:11)
  2 slaves (D:8)
  An ice beast (D:10)
  A hippogriff zombie (D:9)
  A wyvern zombie (D:8)
  A troll zombie (Orc:2)
  A warg zombie (Orc:2)
  3 wights
  A quasit (D:8)
  A bullfrog skeleton (D:9)
  A porcupine zombie (D:10)
  A killer bee zombie (D:10)
  2 orc skeletons (Orc:2)
  An orc (Orc:2)
  10 orc zombies
  39 fungi (D:10)
  5 plants (D:10)
75 creatures vanquished.

Grand Total: 553 creatures vanquished

Notes
Turn   | Place    | Note
-------+----------+-------------------------------------------
     0 | D:1      | Gremour the Demonspawn Monk began the quest for the Orb.
     0 | D:1      | Reached XP level 1. HP: 18/18 MP: 1/1
   124 | D:1      | Gained mutation: You are partially covered in molten
                  | scales. (AC +2) [demonic ancestry]
   124 | D:1      | Reached XP level 2. HP: 14/24 MP: 2/2
   213 | D:1      | Reached skill level 4 in Fighting
   571 | D:1      | Gained mutation: You are mostly covered in molten scales.
                  | (AC +3) [demonic ancestry]
   571 | D:1      | Reached XP level 3. HP: 27/30 MP: 3/3
   970 | D:2      | Noticed Terence
  1094 | D:2      | Found a blossoming altar of Fedhas.
  1324 | D:2      | Killed Terence
  1586 | D:2      | Reached XP level 4. HP: 34/38 MP: 4/4
  1588 | D:2      | Reached skill level 5 in Fighting
  1627 | D:2      | Found a sparkling altar of Nemelex Xobeh.
  1631 | D:2      | Found a shattered altar of Ashenzari.
  1631 | D:2      | Found a bloodstained altar of Trog.
  1950 | D:2      | Noticed Natasha
  1970 | D:2      | Killed Natasha
  2021 | D:2      | Gained mutation: You are weak. (Str -2) [potion of
                  | mutation]
  2021 | D:2      | Gained mutation: You are robust. (+10% HP) [potion of
                  | mutation]
  2063 | D:2      | Noticed Natasha
  2078 | D:2      | Killed Natasha
  2078 | D:2      | Reached XP level 5. HP: 8/50 MP: 5/5
  2137 | D:2      | Noticed Natasha
  2356 | D:2      | Killed Natasha
  2356 | D:2      | Reached skill level 6 in Fighting
  2378 | D:2      | Noticed Jessica
  2402 | D:2      | Killed Jessica
  2580 | D:3      | Found a shimmering altar of Xom.
  2597 | D:3      | Found a shimmering altar of Xom.
  2598 | D:3      | Found a shimmering altar of Xom.
  2619 | D:3      | Found a shimmering altar of Xom.
  2619 | D:3      | Found a shimmering altar of Xom.
  2638 | D:3      | Found a shimmering altar of Xom.
  2638 | D:3      | Found a shimmering altar of Xom.
  3066 | D:3      | Gained mutation: Your flesh is heat resistant. (rF+)
                  | [demonic ancestry]
  3066 | D:3      | Reached XP level 6. HP: 39/58 MP: 6/6
  3799 | D:4      | Noticed Robin
  3831 | D:4      | Reached skill level 7 in Fighting
  3864 | D:4      | Killed Robin
  4503 | D:5      | Entered Level 5 of the Dungeon
  5038 | D:5      | Reached skill level 8 in Fighting
  5038 | D:5      | Gained mutation: A weak demonic guardian rushes to your
                  | aid. [demonic ancestry]
  5038 | D:5      | Reached XP level 7. HP: 67/68 MP: 7/7
  5050 | D:5      | Noticed Blork the orc
  5061 | D:5      | Killed Blork the orc
  5132 | D:5      | Noticed Menkaure
  5138 | D:5      | Killed Menkaure
  5369 | D:5      | Reached skill level 9 in Fighting
  5708 | D:6      | Noticed a hippogriff
  5718 | D:6      | Gained mutation: A demonic guardian rushes to your aid.
                  | [demonic ancestry]
  5718 | D:6      | Reached XP level 8. HP: 69/79 MP: 8/8
  5723 | D:6      | Killed a hippogriff
  5723 | D:6      | Reached skill level 10 in Fighting
  5914 | D:6      | Found a glowing drain.
  5935 | Sewer    | Entered a sewer
  6164 | Sewer    | Found a white marble altar of Elyvilon.
  6228 | D:6      | Noticed Edmund
  6234 | D:6      | Killed Edmund
  6266 | D:6      | Reached skill level 11 in Fighting
  6420 | D:6      | Noticed Dowan
  6421 | D:6      | Noticed Duvessa
  6426 | D:6      | Killed Duvessa
  6426 | D:6      | Gained mutation: You are immune to clouds of flame.
                  | [demonic ancestry]
  6426 | D:6      | Reached XP level 9. HP: 82/90 MP: 9/9
  6431 | D:6      | Killed Dowan
  6603 | D:6      | Reached skill level 12 in Fighting
  6955 | D:7      | Reached skill level 1 in Armour
  7321 | D:7      | Found a staircase to the Ecumenical Temple.
  7377 | Temple   | Entered the Ecumenical Temple
  7503 | D:7      | Noticed Harold
  7513 | D:7      | Killed Harold
  7533 | D:7      | Reached skill level 13 in Fighting
  7720 | D:7      | Found an iron altar of Okawaru.
  7909 | D:8      | Noticed Pikel
  7920 | D:8      | Killed Pikel
  7957 | D:8      | Gained mutation: You have sharp fingernails. [demonic
                  | ancestry]
  7957 | D:8      | Reached XP level 10. HP: 99/101 MP: 10/10
  7994 | D:8      | Got a scintillating iron ring
  7997 | D:8      | Identified the cursed ring "Zosas" {*Corrode Str+7 Int-2
                  | Dex+2} (You found it on level 8 of the Dungeon)
  8270 | D:8      | Reached skill level 5 in Dodging
  8359 | D:8      | Reached skill level 5 in Armour
  8377 | D:8      | Got a silken robe
  8388 | D:8      | Identified the +0 robe "Nieti" {*Drain rCorr MP+9 Str+5}
                  | (You found it on level 8 of the Dungeon)
  8789 | D:9      | Found a glowing golden altar of the Shining One.
  9153 | D:9      | Found a basalt altar of Yredelemnul.
  9158 | D:9      | Became a worshipper of Yredelemnul the Dark
  9158 | D:9      | Reached * piety under Yredelemnul
  9158 | D:9      | Reached ** piety under Yredelemnul
  9800 | D:9      | Found Ciwn's Armour Emporium.
  9871 | D:10     | Entered Level 10 of the Dungeon
 10132 | D:10     | Noticed Urug
 10137 | D:10     | Reached skill level 1 in Maces & Flails
 10146 | D:10     | Killed Urug
 10146 | D:10     | Reached skill level 1 in Invocations
 10146 | D:10     | Gained mutation: Your demonic aura causes spilled blood to
                  | erupt in flames. [demonic ancestry]
 10146 | D:10     | Reached XP level 11. HP: 78/107 MP: 8/11
 10373 | D:10     | Found a staircase to the Lair.
 10460 | D:10     | Reached *** piety under Yredelemnul
 10488 | D:10     | Found a staircase to the Orcish Mines.
 10906 | D:10     | Identified the +1 animal skin of Analysis {Int+2}
 10953 | D:10     | Noticed Joseph
 10965 | D:10     | Killed Joseph
 11085 | D:10     | Found Goiggurch's Assorted Antiques.
 11818 | D:11     | Reached skill level 5 in Maces & Flails
 12252 | D:11     | Found Maurogh's Distillery.
 12342 | Orc:1    | Entered Level 1 of the Orcish Mines
 12666 | Orc:1    | Found a transporter.
 12668 | Orc:1    | Noticed Gremour's ghost (journeyman GrMo)
 12672 | Orc:1    | Noticed an orc sorcerer
 12678 | Orc:1    | Found a transporter.
 12704 | Orc:1    | Noticed an orc sorcerer
 12707 | Orc:1    | Noticed an orc knight
 12713 | Orc:1    | Killed an orc sorcerer
 12721 | Orc:1    | Killed an orc knight
 12742 | Orc:1    | Noticed Gastronok
 12753 | Orc:1    | Killed Gastronok
 13168 | Orc:1    | Reached **** piety under Yredelemnul
 13172 | Orc:1    | Killed an orc sorcerer
 13181 | Orc:1    | Killed Gremour's ghost
 13241 | Orc:2    | Entered Level 2 of the Orcish Mines
 13243 | Orc:2    | Found a roughly hewn altar of Beogh.
 13300 | Orc:2    | Noticed Sonja
 13306 | Orc:2    | Killed Sonja
 13306 | Orc:2    | Gained mutation: You have very sharp fingernails. [demonic
                  | ancestry]
 13306 | Orc:2    | Reached XP level 12. HP: 116/116 MP: 14/14
 13311 | Orc:2    | Received a gift from Yredelemnul (4 flying skulls)
 13326 | Orc:2    | Found Poeh's Book Shoppe.
 13441 | Orc:2    | Found a staircase to the Elven Halls.
 13543 | Orc:2    | Found Qyegyrgh's Book Boutique.
 13544 | Orc:2    | Found Nadeopow's Antique Weapon Emporium.
 13547 | Orc:2    | Received a gift from Yredelemnul (a wight)
 13614 | Orc:2    | Found a roughly hewn altar of Beogh.
 13637 | Orc:2    | Found Qeaw's Antique Weapon Emporium.
 13637 | Orc:2    | Found Ulumpef's Antique Armour Boutique.
 13644 | Orc:2    | Reached skill level 14 in Fighting
 13678 | Orc:2    | Bought a pitted scale mail for 306 gold pieces
 13688 | Orc:2    | Identified the +4 scale mail "Kuuk Sen" {rN+} (You bought
                  | it in a shop on level 2 of the Orcish Mines)
 13708 | Orc:2    | Noticed Saint Roka
 13717 | Orc:2    | Bought a crude falchion for 192 gold pieces
 13717 | Orc:2    | Identified the +5 falchion of Disaster {venom, rF++ rC-
                  | Int+2 Dex+4} (You bought it in a shop on level 2 of the
                  | Orcish Mines)
 13728 | Orc:2    | Reached skill level 5 in Invocations
 13735 | Orc:2    | Reached ***** piety under Yredelemnul
 13753 | Orc:2    | HP: 1/175 [Saint Roka/divine providence (14)]
 13755 | Orc:2    | Killed from afar by Saint Roka

Levels and vault maps discovered:
D:1:      dpeg_arrival_rooms_c, layout_loops_ring
D:2:      layout_basic, grunt_temple_overflow_open, uniq_jessica, uniq_terence,
          uniq_natasha
D:3:      layout_loops_ring, nicolae_xom_altar_mimics, first_ration,
          chequers_mini_garden
D:4:      layout_basic, uniq_robin
D:5:      layout_loops_cross, uniq_blork_the_orc, uniq_menkaure
D:6:      minmay_general_purpose_star, layout_basic, gup_sewer_entry_pipe,
          minmay_crystal_water, uniq_duvessa, uniq_edmund
D:7:      layout_loops_corners, minmay_temple_entry_arrows,
          kennysheep_flooded_box, uniq_harold
D:8:      layout_rooms, grunt_livestock, uniq_pikel
D:9:      cheibrodos_steamvent, layout_stronghold, kennysheep_little_box,
          serial_shops, nicolae_shop_statue_plus, basic_altar
D:10:     layout_roguey, due_lair_maze_entry_diamond, erik_orc_1, serial_shops,
          shop, lightli_orcish_oven, uniq_joseph, uniq_urug
D:11:     layout_gridville, serial_shops, kennysheep_mini_moat
Temple:   kb_temple_of_zot
Orc:1:    layout_caves, gammafunk_ghost_arena, uniq_gastronok
Orc:2:    st_orc_town, layout_diamond_mine, serial_shops, shop, basic_altar,
          uniq_sonja, uniq_saint_roka

Skill      XL: |  1  2  3  4  5  6  7  8  9 10 11 12 |
---------------+-------------------------------------+-----
Fighting       | 4 5 6 8 9 11 13 14 | 14.0
Armour         | 3 6 7 |  7.6
Dodging        | 4 6 7 |  7.6
Maces & Flails | 1 7 8 |  8.6
Invocations    | 1 3 5 |  5.2
Long Blades    | |  2.9
Stealth        | |  1.7
Shields        | |  0.6

Action                   |  1- 3 |  4- 6 |  7- 9 | 10-12 || total
-------------------------+-------+-------+-------+-------++-------
Melee: Falchion          |   148 |    75 |       |    13 ||   236
       Club              |       |   193 |       |       ||   193
       Mace              |       |    14 |   206 |       ||   220
       Dire flail        |       |       |   151 |   462 ||   613
Throw: Stone             |     2 |       |       |       ||     2
Invok: Animate Remains   |       |       |       |     5 ||     5
       Animate Dead      |       |       |       |    35 ||    35
       Injury Mirror     |       |       |       |     3 ||     3
       Recall Undead Sla |       |       |       |     2 ||     2
  Use: Potion            |     3 |     3 |     2 |     6 ||    14
       Scroll            |     1 |       |     2 |    15 ||    18
 Stab: Sleeping          |     3 |       |     1 |     2 ||     6
       Distracted        |       |       |       |     4 ||     4
  Eat: Chunk             |     2 |     8 |    11 |    16 ||    37
       Ration            |       |     1 |       |     7 ||     8
Armor: Robe              |     8 |       |       |       ||     8
       Leather armour    |    29 |       |       |       ||    29
       Chain mail        |    15 |   208 |   140 |       ||   363
       Ring mail         |       |       |    62 |   204 ||   266
       Scale mail        |       |       |       |     2 ||     2
Dodge: Dodged            |    81 |   133 |   245 |   477 ||   936
Block: Shield            |       |       |       |     5 ||     5
       Rpst.: Falchion   |    31 |    11 |       |     1 ||    43

Table legend:
 A = Non-vault XP
 B = Vault XP
 C = Vault XP percentage of total XP
 D = Non-vault monster count
 E = Vault monster count
 F = Vault count percentage of total count
                 A         B        C        D         E       F
            +---------+---------+-------+---------+---------+-------
      Total |   14407 |   14824 |  50.7 |     291 |     150 |  34.0
            +---------+---------+-------+---------+---------+-------
        D:1 |      50 |       0 |   0.0 |      21 |       0 |   0.0
        D:2 |     114 |     112 |  49.6 |      19 |       3 |  13.6
        D:3 |     137 |       0 |   0.0 |      21 |       0 |   0.0
        D:4 |      41 |      35 |  46.1 |       4 |      12 |  75.0
        D:5 |     615 |     252 |  29.1 |      16 |       2 |  11.1
        D:6 |    1067 |     513 |  32.5 |      31 |      13 |  29.5
        D:7 |    1156 |     915 |  44.2 |      26 |       1 |   3.7
        D:8 |    1521 |     963 |  38.8 |      29 |       6 |  17.1
        D:9 |    1879 |     514 |  21.5 |      30 |       3 |   9.1
       D:10 |    1871 |    2463 |  56.8 |      26 |      33 |  55.9
       D:11 |    2485 |       0 |   0.0 |      21 |       0 |   0.0
      Orc:1 |    2065 |    2894 |  58.4 |      28 |       7 |  20.0
      Orc:2 |    1406 |    6030 |  81.1 |      19 |      60 |  75.9
      Sewer |       0 |     133 | 100.0 |       0 |      10 | 100.0
            +---------+---------+-------+---------+---------+-------
